Avalanche vs Predators

Created - October 30 2010 at 10:57

Goals
1 2 3 T
Avalanche 1 2 0 3
Predators 3 0 1 4
Shots
1 2 3 T
Avalanche 12 15 5 32
Predators 7 11 12 30

Period #1

1. Avalanche , Tyler Bozak 5 (Brian Gionta, Kyle Quincey) at 0:30
2. Predators , Simon Gagne 8 (Steven Stamkos) at 1:53
3. Predators , Alexandre Burrows 2 (Steven Stamkos, Braydon Coburn) at 11:47
4. Predators , Patric Hornqvist 5 (Scottie Upshall) at 16:21 (PP)

Penalties :
Alexandre Burrows (NSH) for Interference (Minor) at 3:54, Troy Brouwer (COL) for Elbowing (Minor) at 6:31, Tyler Bozak (COL) for Interference (Minor) at 9:26, Cody Franson (NSH) for Hooking (Minor) at 12:32, Braydon Coburn (NSH) for Holding (Minor) at 12:38, Niclas Wallin (COL) for Hooking (Minor) at 14:57, Patrik Elias (NSH) for Boarding (Minor) at 18:12

Period #2

5. Avalanche , Troy Brouwer 3 (Kevin Klein, T.J. Galiardi) at 3:57
6. Avalanche , Joe Corvo 1 (Daniel Briere, Mike Knuble) at 6:41 (PP)

Penalties :
Mike Knuble (COL) for Hooking (Minor) at 0:21, Scottie Upshall (NSH) for Holding Stick (Minor) at 5:17, Derek Morris (NSH) for Interference (Minor) at 8:07, Zbynek Michalek (NSH) for Holding (Minor) at 13:18, Troy Brouwer (COL) for Hooking (Minor) at 13:18, Braydon Coburn (NSH) for Cross-checking (Minor) at 15:29, Daniel Briere (COL) for Interference (Minor) at 19:12

Period #3

7. Predators , Jeff Carter 5 (Simon Gagne, Scottie Upshall) at 9:19 (PP)

Penalties :
Tyler Bozak (COL) for High sticking (Minor) at 1:26, Jeff Carter (NSH) for Tripping (Minor) at 2:15, Mike Knuble (COL) for Interference (Minor) at 4:05, Cody Franson (NSH) for Tripping (Minor) at 6:45, Niclas Wallin (COL) for Goalie Interference (Minor) at 9:05, Alexandre Burrows (NSH) for Tripping (Minor) at 9:45, Thomas Vanek (NSH) for Roughing (Minor) at 12:19, Simon Gagne (NSH) for Roughing (Minor) at 17:20

Goalie Stats

Semyon Varlamov (COL), 26 saves from 30 shots - (0.867), L, 4-1-0, 59:22 minutes
Pekka Rinne (NSH), 29 saves from 32 shots - (0.906), W, 10-1-0, 60:00 minutes

Players Stats

Avalanche
Player Name              G  A  P  +/- PIM S  H  SB FO    MP 
------------------------------------------------------------
Brian Gionta             0  1  1   0  0   3  2  0  1/3   20 
Carl Gunnarsson          0  0  0  -2  0   1  0  2  0/0   20 
Daniel Briere            0  1  1  -1  2   0  3  0  1/1   17 
Daniel Paille            0  0  0   0  0   0  0  0  0/0   3  
Joe Corvo                1  0  1  -1  0   2  1  1  0/0   22 
Kevin Klein              0  1  1   1  0   0  2  0  0/0   17 
Kris Versteeg            0  0  0   1  0   2  0  0  0/0   10 
Kyle Quincey             0  1  1   1  0   2  0  0  0/0   25 
Marcel Goc               0  0  0   0  0   0  0  0  9/13  9  
Mike Knuble              0  1  1  -1  4   6  0  0  1/2   17 
Niclas Wallin            0  0  0   1  4   0  5  0  0/0   14 
T.J. Galiardi            0  1  1   1  0   3  0  0  9/23  15 
T.J. Oshie               0  0  0   0  0   1  0  0  1/2   8  
Todd White               0  0  0  -1  0   1  1  0  8/25  16 
Troy Brouwer             1  0  1   1  4   2  1  0  0/0   16 
Tyler Bozak              1  0  1   0  4   4  2  0  14/28 18 
Wade Redden              0  0  0   0  0   4  0  0  0/0   19 
Wojtek Wolski            0  0  0   0  0   1  0  0  2/2   18 
Predators
Player Name              G  A  P  +/- PIM S  H  SB FO    MP 
------------------------------------------------------------
Alexandre Burrows        1  0  1   2  4   4  2  1  1/3   17 
Braydon Coburn           0  1  1   2  4   1  3  1  0/0   17 
Brent Burns              0  0  0  -1  0   2  0  0  0/0   14 
Cody Franson             0  0  0   0  4   0  0  0  0/0   11 
David Legwand            0  0  0   0  0   0  0  0  11/21 15 
Derek Morris             0  0  0  -1  2   0  1  0  0/0   14 
Eric Nystrom             0  0  0   0  0   0  1  1  0/1   13 
Jeff Carter              1  0  1  -1  2   3  0  1  20/34 20 
Nicklas Backstrom        0  0  0  -1  0   0  1  0  8/17  17 
Patric Hornqvist         1  0  1  -1  0   2  0  0  0/0   12 
Patrik Elias             0  0  0  -1  2   3  0  0  1/3   17 
Scottie Upshall          0  2  2  -1  2   3  2  0  0/0   13 
Shea Weber               0  0  0  -1  0   5  2  1  0/0   22 
Simon Gagne              1  1  2   2  2   1  1  0  2/3   14 
Steven Stamkos           0  2  2   2  0   4  0  0  10/17 10 
Thomas Vanek             0  0  0  -1  2   0  1  0  0/0   14 
Tomas Kaberle            0  0  0  -1  0   2  0  0  0/0   16 
Zbynek Michalek          0  0  0   2  2   0  2  1  0/0   20 

3 Stars

1 - Simon Gagne (NSH)
2 - Steven Stamkos (NSH)
3 - Kevin Klein (COL)

Power Play

Avalanche - 1 on 12 Attempt(s) - 8.33%
Predators - 2 on 8 Attempt(s) - 25.00%

Penalty Kill

Avalanche - 6 on 8 Attempt(s) - 75.00% - Score 0 goal in Penalty Kill
Predators - 11 on 12 Attempt(s) - 91.67% - Score 0 goal in Penalty Kill

Game Notes

No Game Note

Finance

Level 1 -- Attendance: 6223 (95.74%) -- Ticket Income $497,840.00
Level 2 -- Attendance: 4475 (89.50%) -- Ticket Income $232,700.00
Level 3 -- Attendance: 3256 (93.03%) -- Ticket Income $97,680.00
Level 4 -- Attendance: 1113 (100.00%) -- Ticket Income $22,260.00
Luxury Box -- Attendance: 1000 (100.00%) -- Ticket Income $135,000.00
Game was played at the Sommet Center
Total Attendance: 16067 (93.89%)
Total Ticket Income: $1,069,304.00
Other Income: $205,426.80
Total Income: $1,274,731.00


Play by Play

Period #1

0:01 of 1st period - Tyler Bozak wins face-off versus Nicklas Backstrom in neutral zone.
0:06 of 1st period - Shot by Brian Gionta.
0:06 of 1st period - Shot Misses the Net.
0:08 of 1st period - Shot by Tyler Bozak.
0:08 of 1st period - Shot Misses the Net.
0:28 of 1st period - Shot by Brian Gionta.
0:28 of 1st period - Stopped by Pekka Rinne with a rebound.
0:30 of 1st period - Shot by Tyler Bozak.
0:30 of 1st period - Goal by Tyler Bozak - Avalanche : 1 - Predators : 0.
0:31 of 1st period - Jeff Carter wins face-off versus Todd White in neutral zone.
1:21 of 1st period - Carl Gunnarsson is hit by Scottie Upshall and loses puck.
1:51 of 1st period - Shot by Steven Stamkos.
1:51 of 1st period - Shot Misses the Net.
1:53 of 1st period - Shot by Simon Gagne.
1:53 of 1st period - Goal by Simon Gagne - Avalanche : 1 - Predators : 1.
1:54 of 1st period - Nicklas Backstrom wins face-off versus Tyler Bozak in neutral zone.
2:22 of 1st period - Shot by Nicklas Backstrom.
2:22 of 1st period - Shot Misses the Net.
2:24 of 1st period - Shot by Shea Weber.
2:24 of 1st period - Stopped by Semyon Varlamov without a rebound.
2:25 of 1st period - Steven Stamkos wins face-off versus T.J. Galiardi in Avalanche zone.
2:38 of 1st period - Shot by T.J. Galiardi.
2:38 of 1st period - Stopped by Pekka Rinne without a rebound.
2:39 of 1st period - David Legwand wins face-off versus T.J. Galiardi in Predators zone.
2:39 of 1st period - Eric Nystrom is hit by Troy Brouwer and loses puck.
3:03 of 1st period - David Legwand is hit by Niclas Wallin and loses puck.
3:26 of 1st period - Icing by Brian Gionta.
3:27 of 1st period - Tyler Bozak wins face-off versus Steven Stamkos in Avalanche zone.
3:34 of 1st period - Zbynek Michalek is hit by Brian Gionta.
3:54 of 1st period - Minor Penalty to Alexandre Burrows for Interference.
3:55 of 1st period - Jeff Carter wins face-off versus Todd White in Predators zone.
4:28 of 1st period - Icing by Carl Gunnarsson.
4:29 of 1st period - Todd White wins face-off versus David Legwand in Avalanche zone.
4:56 of 1st period - Shot by Wade Redden.
4:56 of 1st period - Stopped by Pekka Rinne without a rebound.
4:57 of 1st period - Wojtek Wolski wins face-off versus David Legwand in Predators zone.
5:01 of 1st period - Brian Gionta is hit by Braydon Coburn and loses puck.
5:16 of 1st period - Shot by Wade Redden.
5:16 of 1st period - Stopped by Pekka Rinne without a rebound.
5:17 of 1st period - Todd White wins face-off versus Jeff Carter in Predators zone.
5:46 of 1st period - Shot by Mike Knuble.
5:46 of 1st period - Shot Misses the Net.
6:06 of 1st period - Shot by Kris Versteeg.
6:06 of 1st period - Stopped by Pekka Rinne with a rebound.
6:31 of 1st period - Minor Penalty to Troy Brouwer for Elbowing.
6:32 of 1st period - Jeff Carter wins face-off versus T.J. Galiardi in Avalanche zone.
6:33 of 1st period - Shot by Scottie Upshall.
6:33 of 1st period - Stopped by Semyon Varlamov without a rebound.
6:34 of 1st period - Jeff Carter wins face-off versus T.J. Oshie in Avalanche zone.
7:39 of 1st period - Off-side.
7:40 of 1st period - Marcel Goc wins face-off versus Alexandre Burrows in neutral zone.
8:41 of 1st period - Steven Stamkos is hit by Joe Corvo.
9:26 of 1st period - Minor Penalty to Tyler Bozak for Interference.
9:27 of 1st period - Patrik Elias wins face-off versus T.J. Galiardi in Avalanche zone.
10:27 of 1st period - Icing by Scottie Upshall.
10:28 of 1st period - Jeff Carter wins face-off versus Marcel Goc in Predators zone.
10:37 of 1st period - Shot by Braydon Coburn.
10:37 of 1st period - Stopped by Semyon Varlamov without a rebound.
10:38 of 1st period - Marcel Goc wins face-off versus Jeff Carter in Avalanche zone.
10:48 of 1st period - Off-side.
10:49 of 1st period - Marcel Goc wins face-off versus Nicklas Backstrom in neutral zone.
11:27 of 1st period - Off-side.
11:28 of 1st period - Steven Stamkos wins face-off versus Tyler Bozak in neutral zone.
11:45 of 1st period - Shot by Steven Stamkos.
11:45 of 1st period - Shot Misses the Net.
11:47 of 1st period - Shot by Alexandre Burrows.
11:47 of 1st period - Goal by Alexandre Burrows - Avalanche : 1 - Predators : 2.
11:48 of 1st period - Todd White wins face-off versus David Legwand in neutral zone.
12:18 of 1st period - Daniel Briere is hit by Shea Weber and loses puck.
12:32 of 1st period - Minor Penalty to Cody Franson for Hooking.
12:33 of 1st period - Tyler Bozak wins face-off versus David Legwand in Predators zone.
12:38 of 1st period - Shot by Brian Gionta.
12:38 of 1st period - Deflect By Wojtek Wolski.
12:38 of 1st period - Stopped by Pekka Rinne without a rebound.
12:38 of 1st period - Minor Penalty to Braydon Coburn for Holding.
12:39 of 1st period - Jeff Carter wins face-off versus Tyler Bozak in Predators zone.
13:22 of 1st period - Todd White is hit by Zbynek Michalek and loses puck.
13:31 of 1st period - Shot by Joe Corvo.
13:31 of 1st period - Stopped by Pekka Rinne without a rebound.
13:32 of 1st period - Jeff Carter wins face-off versus Todd White in Predators zone.
13:57 of 1st period - Shot by Mike Knuble.
13:57 of 1st period - Stopped by Pekka Rinne with a rebound.
13:59 of 1st period - Shot by Todd White.
13:59 of 1st period - Stopped by Pekka Rinne without a rebound.
14:00 of 1st period - Tyler Bozak wins face-off versus Jeff Carter in Predators zone.
14:29 of 1st period - Shot by Kyle Quincey.
14:29 of 1st period - Stopped by Pekka Rinne with a rebound.
14:46 of 1st period - Troy Brouwer is hit by Braydon Coburn and loses puck.
14:50 of 1st period - Icing by Zbynek Michalek.
14:51 of 1st period - Steven Stamkos wins face-off versus T.J. Galiardi in Predators zone.
14:57 of 1st period - Minor Penalty to Niclas Wallin for Hooking.
14:58 of 1st period - Marcel Goc wins face-off versus Nicklas Backstrom in Avalanche zone.
15:59 of 1st period - Shot by Simon Gagne.
15:59 of 1st period - Shot Misses the Net.
16:01 of 1st period - Shot by Jeff Carter.
16:01 of 1st period - Shot Misses the Net.
16:03 of 1st period - Shot by Scottie Upshall.
16:03 of 1st period - Stopped by Semyon Varlamov without a rebound.
16:04 of 1st period - Marcel Goc wins face-off versus Jeff Carter in Avalanche zone.
16:19 of 1st period - Shot by Patric Hornqvist.
16:19 of 1st period - Shot Misses the Net.
16:21 of 1st period - Shot by Patric Hornqvist.
16:21 of 1st period - Goal by Patric Hornqvist - Avalanche : 1 - Predators : 3.
16:22 of 1st period - Steven Stamkos wins face-off versus Todd White in neutral zone.
16:33 of 1st period - Shot by Steven Stamkos.
16:33 of 1st period - Shot Misses the Net.
16:36 of 1st period - Icing by Daniel Briere.
16:37 of 1st period - Daniel Briere wins face-off versus David Legwand in Avalanche zone.
16:37 of 1st period - Daniel Briere is hit by Eric Nystrom.
16:44 of 1st period - Icing by David Legwand.
16:45 of 1st period - David Legwand wins face-off versus Tyler Bozak in Predators zone.
17:43 of 1st period - Steven Stamkos is hit by Niclas Wallin and loses puck.
18:01 of 1st period - Alexandre Burrows is hit by Niclas Wallin and loses puck.
18:12 of 1st period - Minor Penalty to Patrik Elias for Boarding.
18:13 of 1st period - Jeff Carter wins face-off versus Todd White in Predators zone.
18:49 of 1st period - Off-side.
18:50 of 1st period - Tyler Bozak wins face-off versus Jeff Carter in neutral zone.
18:59 of 1st period - Shot by Wade Redden.
18:59 of 1st period - Stopped by Pekka Rinne without a rebound.
19:00 of 1st period - David Legwand wins face-off versus Tyler Bozak in Predators zone.
19:10 of 1st period - Icing by Brian Gionta.
19:11 of 1st period - David Legwand wins face-off versus Tyler Bozak in Avalanche zone.
19:19 of 1st period - Icing by Wojtek Wolski.
19:20 of 1st period - Tyler Bozak wins face-off versus Jeff Carter in Avalanche zone.
19:50 of 1st period - Zbynek Michalek is hit by Tyler Bozak and loses puck.

Period #2

0:01 of 2nd period - Tyler Bozak wins face-off versus David Legwand in neutral zone.
0:21 of 2nd period - Minor Penalty to Mike Knuble for Hooking.
0:22 of 2nd period - T.J. Galiardi wins face-off versus Jeff Carter in Avalanche zone.
0:22 of 2nd period - T.J. Galiardi is hit by Simon Gagne.
0:34 of 2nd period - Shot by Brent Burns.
0:34 of 2nd period - Stopped by Semyon Varlamov without a rebound.
0:35 of 2nd period - Nicklas Backstrom wins face-off versus T.J. Galiardi in Avalanche zone.
0:36 of 2nd period - Shot by Tomas Kaberle.
0:36 of 2nd period - Stopped by Semyon Varlamov with a rebound.
0:38 of 2nd period - Shot by Patrik Elias.
0:38 of 2nd period - Stopped by Semyon Varlamov without a rebound.
0:39 of 2nd period - T.J. Oshie wins face-off versus Nicklas Backstrom in Avalanche zone.
2:47 of 2nd period - Shot by Alexandre Burrows.
2:47 of 2nd period - Shot Misses the Net.
2:49 of 2nd period - Shot by Alexandre Burrows.
2:49 of 2nd period - Stopped by Semyon Varlamov with a rebound.
2:55 of 2nd period - Shot by Steven Stamkos.
2:55 of 2nd period - Stopped by Semyon Varlamov without a rebound.
2:56 of 2nd period - Todd White wins face-off versus David Legwand in Avalanche zone.
3:03 of 2nd period - Shot by Mike Knuble.
3:03 of 2nd period - Stopped by Pekka Rinne without a rebound.
3:04 of 2nd period - T.J. Galiardi wins face-off versus Jeff Carter in Predators zone.
3:05 of 2nd period - Shot by Troy Brouwer.
3:05 of 2nd period - Stopped by Pekka Rinne without a rebound.
3:06 of 2nd period - Nicklas Backstrom wins face-off versus Todd White in Predators zone.
3:08 of 2nd period - Shea Weber is hit by Daniel Briere and loses puck.
3:49 of 2nd period - Off-side.
3:50 of 2nd period - T.J. Galiardi wins face-off versus Jeff Carter in neutral zone.
3:57 of 2nd period - Shot by Troy Brouwer.
3:57 of 2nd period - Goal by Troy Brouwer - Avalanche : 2 - Predators : 3.
3:58 of 2nd period - Tyler Bozak wins face-off versus Steven Stamkos in neutral zone.
4:04 of 2nd period - Icing by Alexandre Burrows.
4:05 of 2nd period - Steven Stamkos wins face-off versus T.J. Galiardi in Predators zone.
4:42 of 2nd period - Steven Stamkos is hit by Kevin Klein and loses puck.
5:17 of 2nd period - Minor Penalty to Scottie Upshall for Holding Stick.
5:18 of 2nd period - Jeff Carter wins face-off versus Todd White in Predators zone.
5:29 of 2nd period - Shot by Mike Knuble.
5:29 of 2nd period - Stopped by Pekka Rinne with a rebound.
5:31 of 2nd period - Shot by Carl Gunnarsson.
5:31 of 2nd period - Stopped by Pekka Rinne without a rebound.
5:32 of 2nd period - Tyler Bozak wins face-off versus David Legwand in Predators zone.
5:48 of 2nd period - Icing by Brian Gionta.
5:49 of 2nd period - Alexandre Burrows wins face-off versus Tyler Bozak in Avalanche zone.
6:41 of 2nd period - Shot by Joe Corvo.
6:41 of 2nd period - Goal by Joe Corvo - Avalanche : 3 - Predators : 3.
6:42 of 2nd period - Nicklas Backstrom wins face-off versus T.J. Galiardi in neutral zone.
6:46 of 2nd period - Thomas Vanek is hit by Niclas Wallin and loses puck.
6:49 of 2nd period - Shot by Thomas Vanek.
6:49 of 2nd period - Shot Misses the Net.
6:51 of 2nd period - Shot by Shea Weber.
6:51 of 2nd period - Stopped by Semyon Varlamov without a rebound.
6:52 of 2nd period - David Legwand wins face-off versus Todd White in Avalanche zone.
6:53 of 2nd period - Shot by Shea Weber.
6:53 of 2nd period - Stopped by Semyon Varlamov with a rebound.
6:55 of 2nd period - Shot by David Legwand.
6:55 of 2nd period - Shot Misses the Net.
7:46 of 2nd period - Icing by Alexandre Burrows.
7:47 of 2nd period - Simon Gagne wins face-off versus T.J. Galiardi in Predators zone.
7:54 of 2nd period - Shot by Alexandre Burrows.
7:54 of 2nd period - Stopped by Semyon Varlamov without a rebound.
7:55 of 2nd period - Tyler Bozak wins face-off versus Jeff Carter in Avalanche zone.
7:55 of 2nd period - Tyler Bozak is hit by Scottie Upshall.
8:07 of 2nd period - Minor Penalty to Derek Morris for Interference.
8:08 of 2nd period - Jeff Carter wins face-off versus Tyler Bozak in Predators zone.
8:14 of 2nd period - Icing by Wade Redden.
8:15 of 2nd period - Jeff Carter wins face-off versus Tyler Bozak in Avalanche zone.
8:24 of 2nd period - Shot by David Legwand.
8:24 of 2nd period - Shot Misses the Net.
8:27 of 2nd period - Icing by Wade Redden.
8:28 of 2nd period - Brian Gionta wins face-off versus Eric Nystrom in Avalanche zone.
8:34 of 2nd period - Kyle Quincey is hit by Shea Weber.
8:40 of 2nd period - Shot by Tyler Bozak.
8:40 of 2nd period - Deflect By Wojtek Wolski.
8:40 of 2nd period - Shot Blocked by Eric Nystrom.
8:42 of 2nd period - Shot by Kyle Quincey.
8:42 of 2nd period - Stopped by Pekka Rinne without a rebound.
8:43 of 2nd period - David Legwand wins face-off versus Todd White in Predators zone.
8:49 of 2nd period - Icing by Carl Gunnarsson.
8:50 of 2nd period - David Legwand wins face-off versus Todd White in Avalanche zone.
9:03 of 2nd period - Shot by Mike Knuble.
9:03 of 2nd period - Stopped by Pekka Rinne without a rebound.
9:04 of 2nd period - David Legwand wins face-off versus Tyler Bozak in Predators zone.
9:50 of 2nd period - Icing by Joe Corvo.
9:51 of 2nd period - Jeff Carter wins face-off versus Todd White in Avalanche zone.
10:37 of 2nd period - Shot by Patrik Elias.
10:37 of 2nd period - Stopped by Semyon Varlamov without a rebound.
10:38 of 2nd period - Steven Stamkos wins face-off versus Marcel Goc in Avalanche zone.
10:39 of 2nd period - Shot by Alexandre Burrows.
10:39 of 2nd period - Deflect By Steven Stamkos.
10:39 of 2nd period - Stopped by Semyon Varlamov with a rebound.
10:51 of 2nd period - Shot by Simon Gagne.
10:51 of 2nd period - Shot Blocked by Carl Gunnarsson.
11:55 of 2nd period - Shot by Troy Brouwer.
11:55 of 2nd period - Shot Blocked by Shea Weber.
11:59 of 2nd period - Shot by T.J. Galiardi.
11:59 of 2nd period - Stopped by Pekka Rinne without a rebound.
12:00 of 2nd period - Jeff Carter wins face-off versus Todd White in Predators zone.
12:17 of 2nd period - Shot by Scottie Upshall.
12:17 of 2nd period - Shot Hit the Post.
12:21 of 2nd period - Shot by Patrik Elias.
12:21 of 2nd period - Shot Misses the Net.
12:23 of 2nd period - Shot by Scottie Upshall.
12:23 of 2nd period - Shot Misses the Net.
12:27 of 2nd period - Shot by Patrik Elias.
12:27 of 2nd period - Shot Misses the Net.
12:29 of 2nd period - Shot by Jeff Carter.
12:29 of 2nd period - Shot Blocked by Joe Corvo.
12:31 of 2nd period - Shot by Derek Morris.
12:31 of 2nd period - Shot Misses the Net.
12:35 of 2nd period - Shot by Scottie Upshall.
12:35 of 2nd period - Shot Misses the Net.
12:52 of 2nd period - Off-side.
12:53 of 2nd period - T.J. Galiardi wins face-off versus Nicklas Backstrom in neutral zone.
12:58 of 2nd period - Shot by Troy Brouwer.
12:58 of 2nd period - Shot Misses the Net.
13:07 of 2nd period - Icing by Kevin Klein.
13:08 of 2nd period - T.J. Galiardi wins face-off versus Steven Stamkos in Avalanche zone.
13:18 of 2nd period - Minor Penalty to Zbynek Michalek for Holding.
13:18 of 2nd period - Minor Penalty to Troy Brouwer for Hooking.
13:19 of 2nd period - Steven Stamkos wins face-off versus Brian Gionta in Predators zone.
13:40 of 2nd period - Shot by T.J. Galiardi.
13:40 of 2nd period - Stopped by Pekka Rinne without a rebound.
13:41 of 2nd period - Nicklas Backstrom wins face-off versus Tyler Bozak in Predators zone.
15:21 of 2nd period - Shot by T.J. Oshie.
15:21 of 2nd period - Stopped by Pekka Rinne with a rebound.
15:28 of 2nd period - T.J. Oshie is hit by Braydon Coburn and loses puck.
15:29 of 2nd period - Minor Penalty to Braydon Coburn for Cross-checking.
15:30 of 2nd period - Todd White wins face-off versus Jeff Carter in Predators zone.
17:09 of 2nd period - Shot by Mike Knuble.
17:09 of 2nd period - Stopped by Pekka Rinne without a rebound.
17:10 of 2nd period - Jeff Carter wins face-off versus Todd White in Predators zone.
17:47 of 2nd period - Icing by Niclas Wallin.
17:48 of 2nd period - Jeff Carter wins face-off versus T.J. Galiardi in Avalanche zone.
19:03 of 2nd period - Shot by Brian Gionta.
19:03 of 2nd period - Stopped by Pekka Rinne with a rebound.
19:05 of 2nd period - Shot by Tyler Bozak.
19:05 of 2nd period - Deflect By Brian Gionta.
19:05 of 2nd period - Shot Misses the Net.
19:07 of 2nd period - Shot by Wade Redden.
19:07 of 2nd period - Stopped by Pekka Rinne without a rebound.
19:08 of 2nd period - T.J. Galiardi wins face-off versus Steven Stamkos in Predators zone.
19:08 of 2nd period - Kris Versteeg is hit by Zbynek Michalek and loses puck.
19:11 of 2nd period - Shot by Kris Versteeg.
19:11 of 2nd period - Stopped by Pekka Rinne without a rebound.
19:12 of 2nd period - Steven Stamkos wins face-off versus Todd White in Predators zone.
19:12 of 2nd period - Minor Penalty to Daniel Briere for Interference.
19:13 of 2nd period - Simon Gagne wins face-off versus Marcel Goc in Avalanche zone.
19:42 of 2nd period - Shot by Shea Weber.
19:42 of 2nd period - Stopped by Semyon Varlamov with a rebound.

Period #3

0:01 of 3rd period - Nicklas Backstrom wins face-off versus T.J. Galiardi in neutral zone.
1:26 of 3rd period - Minor Penalty to Tyler Bozak for High sticking.
1:27 of 3rd period - Jeff Carter wins face-off versus T.J. Galiardi in Avalanche zone.
1:33 of 3rd period - Patric Hornqvist is hit by Kevin Klein and loses puck.
1:43 of 3rd period - Shot by Simon Gagne.
1:43 of 3rd period - Deflect By Jeff Carter.
1:43 of 3rd period - Stopped by Semyon Varlamov with a rebound.
1:45 of 3rd period - Shot by Jeff Carter.
1:45 of 3rd period - Shot Misses the Net.
1:47 of 3rd period - Shot by Scottie Upshall.
1:47 of 3rd period - Stopped by Semyon Varlamov without a rebound.
1:48 of 3rd period - Marcel Goc wins face-off versus Nicklas Backstrom in Avalanche zone.
2:03 of 3rd period - Kevin Klein is hit by Nicklas Backstrom and loses puck.
2:14 of 3rd period - Shot by Shea Weber.
2:14 of 3rd period - Stopped by Semyon Varlamov without a rebound.
2:15 of 3rd period - Marcel Goc wins face-off versus Jeff Carter in Avalanche zone.
2:15 of 3rd period - Minor Penalty to Jeff Carter for Tripping.
2:16 of 3rd period - Nicklas Backstrom wins face-off versus Brian Gionta in Predators zone.
2:16 of 3rd period - Nicklas Backstrom is hit by Brian Gionta.
2:34 of 3rd period - Shot by Nicklas Backstrom.
2:34 of 3rd period - Shot Misses the Net.
3:02 of 3rd period - Icing by Tomas Kaberle.
3:03 of 3rd period - T.J. Galiardi wins face-off versus Steven Stamkos in Predators zone.
3:06 of 3rd period - Shot by Brian Gionta.
3:06 of 3rd period - Stopped by Pekka Rinne without a rebound.
3:07 of 3rd period - Steven Stamkos wins face-off versus T.J. Galiardi in Predators zone.
3:20 of 3rd period - Shot by Steven Stamkos.
3:20 of 3rd period - Stopped by Semyon Varlamov without a rebound.
3:21 of 3rd period - Nicklas Backstrom wins face-off versus Mike Knuble in Avalanche zone.
3:32 of 3rd period - Shot by Alexandre Burrows.
3:32 of 3rd period - Shot Misses the Net.
3:44 of 3rd period - Shot by Kyle Quincey.
3:44 of 3rd period - Shot Blocked by Alexandre Burrows.
3:46 of 3rd period - Shot by Kyle Quincey.
3:46 of 3rd period - Shot Hit the Post.
4:05 of 3rd period - Minor Penalty to Mike Knuble for Interference.
4:06 of 3rd period - Steven Stamkos wins face-off versus Tyler Bozak in Avalanche zone.
4:12 of 3rd period - Shot by Tomas Kaberle.
4:12 of 3rd period - Stopped by Semyon Varlamov with a rebound.
4:16 of 3rd period - Shot by Brent Burns.
4:16 of 3rd period - Deflect By Jeff Carter.
4:16 of 3rd period - Shot Misses the Net.
4:28 of 3rd period - Shot by Brent Burns.
4:28 of 3rd period - Stopped by Semyon Varlamov with a rebound.
4:32 of 3rd period - Shot by Scottie Upshall.
4:32 of 3rd period - Shot Blocked by Carl Gunnarsson.
4:34 of 3rd period - Shot by Patric Hornqvist.
4:34 of 3rd period - Stopped by Semyon Varlamov without a rebound.
4:35 of 3rd period - Marcel Goc wins face-off versus Nicklas Backstrom in Avalanche zone.
4:51 of 3rd period - Icing by Patrik Elias.
4:52 of 3rd period - T.J. Galiardi wins face-off versus Nicklas Backstrom in Predators zone.
5:02 of 3rd period - Patrik Elias is hit by Niclas Wallin and loses puck.
5:07 of 3rd period - Shot by Patrik Elias.
5:07 of 3rd period - Stopped by Semyon Varlamov without a rebound.
5:08 of 3rd period - Jeff Carter wins face-off versus T.J. Galiardi in Avalanche zone.
5:45 of 3rd period - Shot by Simon Gagne.
5:45 of 3rd period - Shot Misses the Net.
5:47 of 3rd period - Shot by Jeff Carter.
5:47 of 3rd period - Stopped by Semyon Varlamov without a rebound.
5:48 of 3rd period - Marcel Goc wins face-off versus Nicklas Backstrom in Avalanche zone.
5:48 of 3rd period - Marcel Goc is hit by Thomas Vanek.
6:06 of 3rd period - Shot by Steven Stamkos.
6:06 of 3rd period - Stopped by Semyon Varlamov without a rebound.
6:07 of 3rd period - Wojtek Wolski wins face-off versus Steven Stamkos in Avalanche zone.
6:14 of 3rd period - Shot by Alexandre Burrows.
6:14 of 3rd period - Stopped by Semyon Varlamov without a rebound.
6:15 of 3rd period - David Legwand wins face-off versus Todd White in Avalanche zone.
6:42 of 3rd period - Shot by Mike Knuble.
6:42 of 3rd period - Shot Misses the Net.
6:45 of 3rd period - Minor Penalty to Cody Franson for Tripping.
6:46 of 3rd period - Tyler Bozak wins face-off versus David Legwand in Predators zone.
7:00 of 3rd period - Shot by Tyler Bozak.
7:00 of 3rd period - Deflect By Wojtek Wolski.
7:00 of 3rd period - Shot Blocked by Braydon Coburn.
7:04 of 3rd period - Shot by Tyler Bozak.
7:04 of 3rd period - Stopped by Pekka Rinne without a rebound.
7:05 of 3rd period - Tyler Bozak wins face-off versus Jeff Carter in Predators zone.
7:33 of 3rd period - Shot by Tyler Bozak.
7:33 of 3rd period - Stopped by Pekka Rinne without a rebound.
7:34 of 3rd period - David Legwand wins face-off versus Todd White in Predators zone.
9:05 of 3rd period - Minor Penalty to Niclas Wallin for Goalie Interference.
9:06 of 3rd period - Jeff Carter wins face-off versus Marcel Goc in Avalanche zone.
9:19 of 3rd period - Shot by Jeff Carter.
9:19 of 3rd period - Goal by Jeff Carter - Avalanche : 3 - Predators : 4.
9:20 of 3rd period - T.J. Galiardi wins face-off versus Steven Stamkos in neutral zone.
9:20 of 3rd period - Troy Brouwer is hit by Alexandre Burrows and loses puck.
9:45 of 3rd period - Minor Penalty to Alexandre Burrows for Tripping.
9:46 of 3rd period - Todd White wins face-off versus Jeff Carter in Predators zone.
10:19 of 3rd period - Zbynek Michalek is hit by Todd White and loses puck.
10:34 of 3rd period - Derek Morris is hit by Tyler Bozak and loses puck.
10:42 of 3rd period - Brian Gionta is hit by Derek Morris.
12:16 of 3rd period - Shot by Thomas Vanek.
12:16 of 3rd period - Shot Misses the Net.
12:19 of 3rd period - Minor Penalty to Thomas Vanek for Roughing.
12:20 of 3rd period - Tyler Bozak wins face-off versus David Legwand in Predators zone.
13:03 of 3rd period - Icing by Mike Knuble.
13:04 of 3rd period - Todd White wins face-off versus Alexandre Burrows in Avalanche zone.
13:09 of 3rd period - Braydon Coburn is hit by Daniel Briere and loses puck.
15:43 of 3rd period - Shot by Mike Knuble.
15:43 of 3rd period - Stopped by Pekka Rinne without a rebound.
15:44 of 3rd period - Mike Knuble wins face-off versus Patrik Elias in Predators zone.
16:10 of 3rd period - Icing by Tomas Kaberle.
16:11 of 3rd period - Tyler Bozak wins face-off versus Patrik Elias in Predators zone.
16:15 of 3rd period - Icing by Derek Morris.
16:16 of 3rd period - Jeff Carter wins face-off versus Tyler Bozak in Predators zone.
16:53 of 3rd period - Off-side.
16:54 of 3rd period - Todd White wins face-off versus Simon Gagne in neutral zone.
16:57 of 3rd period - Zbynek Michalek is hit by Daniel Briere.
17:20 of 3rd period - Minor Penalty to Simon Gagne for Roughing.
17:21 of 3rd period - David Legwand wins face-off versus Tyler Bozak in Predators zone.
17:48 of 3rd period - Shot by Brian Gionta.
17:48 of 3rd period - Shot Blocked by Zbynek Michalek.
17:50 of 3rd period - Shot by Tyler Bozak.
17:50 of 3rd period - Stopped by Pekka Rinne without a rebound.
17:51 of 3rd period - Jeff Carter wins face-off versus Todd White in Predators zone.
18:00 of 3rd period - Shot by Carl Gunnarsson.
18:00 of 3rd period - Shot Blocked by Jeff Carter.
19:05 of 3rd period - Kris Versteeg is hit by Alexandre Burrows and loses puck.
19:10 of 3rd period - Shot by Alexandre Burrows.
19:10 of 3rd period - Shot Misses the Net.
19:22 of 3rd period - Avalanche, Semyon Varlamov is pulled from the net.


Output by the SimonT Hockey Simulator (STHS) for Stephane Roy -- Original Page W3C XHTML 1.0 Valid